 Dungeon Crawl Stone Soup version 0.27.0-1-g7a089689b8 (webtiles) character file.

Game seed: 2773833138464283376

120826 Sin92 the Severer (level 16, -14/155 HPs)
             Began as a Minotaur Fighter on Aug 4, 2021.
             Was the Champion of Okawaru.
             Killed from afar by Nikola (36 damage)
             ... with an arc of chain lightning
             ... on level 2 of the Swamp on Aug 5, 2021.
             The game lasted 00:47:45 (24624 turns).

Sin92 the Severer (Minotaur Fighter)               Turns: 24624, Time: 00:47:46

Health: -14/155    AC: 33    Str: 33    XL:     16   Next: 31%
Magic:  24/24      EV: 12    Int: 11    God:    Okawaru [******]
Gold:   2399       SH: 25    Dex: 16    Spells: 15/15 levels left

rFire    + + .     SeeInvis +   L - +9 broad axe (elec)
rCold    x . .     Faith    .   Q - +5 kite shield of the Stone Wall {Str+2}
rNeg     . . .     Spirit   .   X - +3 crystal plate armour
rPois    +         Reflect  +   o - +0 hat {Will+}
rElec    .         Harm     .   C - +2 cloak
rCorr    .         Rampage  .   M - +2 pair of gloves {Dex+3}
Will     ++...                  (no boots)
Stlth    ..........             R - amulet of reflection
HPRegen  0.35/turn              E - ring "Tiygosh" {rF++ Str+3 Int+6 SInv Stlth+}
MPRegen  0.19/turn              a - ring of Waris {Fly rPois rC- Str+3 Stlth+}

@: mighty, flying, hasted, studying Hexes, very quick
A: horns 2, retaliatory headbutt
a: Renounce Religion, Heroism, Finesse


You were on level 2 of the Swamp.
You worshipped Okawaru.
Okawaru was exalted by your worship.
You visited 4 branches of the dungeon, and saw 23 of its levels.
You also visited: Sewer and Bailey.

You collected 2399 gold pieces.

Inventory:

Hand Weapons
 G - a +1 morningstar of flaming
 L - a +9 broad axe of electrocution (weapon)
Missiles
 T - 4 throwing nets (quivered)
Armour
 o - a +0 hat of willpower (worn)
 s - the +2 plate armour "Ruluosu" {rC+ Str+2}
   (You found it in a bailey)

   Str:       It affects your strength (+2).
   rC:        It protects you from cold.
 w - the +3 chain mail "Ufarr" {rC- Dex+4 Slay+5}
   (You found it on level 2 of the Orcish Mines)

   Dex:       It affects your dexterity (+4).
   Slay:      It affects your accuracy & damage with ranged weapons and melee
   (+5).
   rC:        It makes you vulnerable to cold.
 C - a +2 cloak (worn)
 M - a +2 pair of gloves of dexterity (worn)
 Q - the +5 kite shield of the Stone Wall (worn) {Str+2}
   (Okawaru gifted it to you on level 1 of the Lair of Beasts)

   Str:       It affects your strength (+2).
 X - a +3 crystal plate armour (worn)
Jewellery
 a - the ring of Waris (right hand) {Fly rPois rC- Str+3 Stlth+}
   (You found it on level 1 of the Lair of Beasts)

   [ring of flight]

   Str:       It affects your strength (+3).
   rC:        It makes you vulnerable to cold.
   rPois:     It protects you from poison.
   Fly:       It grants you flight.
   Stlth:     It makes you more stealthy.
 h - a +4 ring of protection
 j - a ring of see invisible
 n - a ring of willpower
 r - an amulet of faith
 x - a +6 ring of dexterity
 y - the ring "Nipa Pism" {rElec rF+ Int+4}
   (You found it on level 4 of the Dungeon)

   [ring of protection from fire]

   Int:       It affects your intelligence (+4).
   rF:        It protects you from fire.
   rElec:     It insulates you from electricity.
 E - the ring "Tiygosh" (left hand) {rF++ Str+3 Int+6 SInv Stlth+}
   (You acquired it on level 9 of the Dungeon)

   [ring of intelligence]

   Str:       It affects your strength (+3).
   Int:       It affects your intelligence (+6).
   rF:        It greatly protects you from fire.
   SInv:      It lets you see invisible.
   Stlth:     It makes you more stealthy.
 R - an amulet of reflection (around neck)
 U - an amulet of regeneration
Wands
 t - a wand of iceblast (7)
 A - a wand of polymorph (3)
 P - a wand of digging (9)
Scrolls
 c - 2 scrolls of holy word
 e - a scroll of fog
 f - 13 scrolls of identify
 i - a scroll of fear
 m - a scroll of enchant weapon
 p - a scroll of brand weapon
 B - 4 scrolls of amnesia
 F - 2 scrolls of blinking
 J - 4 scrolls of teleportation
 W - 2 scrolls of magic mapping
Potions
 b - a potion of cancellation
 d - 2 potions of might
 g - 2 potions of curing
 k - 3 potions of flight
 l - 3 potions of magic
 q - a potion of heal wounds
 v - 4 potions of resistance
 z - 2 potions of berserk rage
 V - 2 potions of lignification


   Skills:
 + Level 17.4 Fighting
 * Level 18.4 Axes
 + Level 14.0 Armour
 + Level 12.4 Dodging
 + Level 13.9 Shields
 - Level 12.8 Invocations


You had 15 spell levels left.
You didn't know any spells.
Your spell library contained the following spells:

 Spells                   Type           Power      Damage    Failure   Level
 Shock                    Conj/Air       0%         1d3       99%         1
 Call Imp                 Summ           0%         N/A       100%        2
 Corpse Rot               Necr/Air       N/A        N/A       100%        2
 Poisonous Vapours        Pois/Air       0%         N/A       100%        2
 Static Discharge         Conj/Air       0%         N/A       100%        2
 Sublimation of Blood     Necr           0%         N/A       100%        2
 Stone Arrow              Conj/Erth      0%         3d7       100%        3
 Swiftness                Air            0%         N/A       100%        3
 Airstrike                Air            0%         N/A       100%        4
 Petrify                  Tmut/Erth      0%         N/A       100%        4
 Blade Hands              Tmut           0%         N/A       100%        5
 Bolt of Magma            Conj/Fire/Erth 0%         4d4       100%        5
 Freezing Cloud           Conj/Ice/Air   0%         6-21      100%        5
 Irradiate                Conj/Tmut      0%         3d14      100%        5
 Lightning Bolt           Conj/Air       0%         1d11      100%        5
 Dragon Form              Tmut           0%         N/A       100%        7
 Summon Hydra             Summ           0%         N/A       100%        7
 Lehudib's Crystal Spear  Conj/Erth      0%         10d2      100%        8
 Maxwell's Capacitive Co  Air            0%         ∞         100%        8
 Shatter                  Erth           0%         3d5*      100%        9


Dungeon Overview and Level Annotations

Branches:
Dungeon (13/15)              Lair (6/6) D:11          Swamp (2/4) Lair:2
 Spider (0/4) Lair:3        Slime (0/5) Lair:6          Orc (2/2) D:12
    Elf (0/3) Orc:2         Sewer (visited)          Bailey (visited)
 Temple: D:4-7       Vaults: D:13-14

Altars:
Hepliaklqana
Kikubaaqudgha
Okawaru
Qazlal
Sif Muna
Vehumet
Wu Jian
Zin
Jiyva
Lugonu

Shops:
D:12 *   Orc:2 :***

Portals:
Abyss: Lair:6

Annotations:
D:8 2 transporters, pkoi's ghost, novice MiHu
D:9 1 runed translucent door, Arex's ghost, novice DgFi
Swamp:2 Jorgrun; Nikola


Innate Abilities, Weirdness & Mutations

You have a pair of horns on your head.
You reflexively headbutt those who attack you in melee.


Message History

Nikola is nearby!
Nikola is nearby!
Unknown command.
You are too injured to fight recklessly!
Nikola is nearby!
Unknown command.
You are too injured to fight recklessly!
Nikola is nearby!
Unknown command.
You are too injured to fight recklessly!
Nikola is nearby!
Unknown command.
You are too injured to fight recklessly!
Unknown command.
Nikola is nearby!
Blink to where?
Press: ? - help, Dir - move target
As you read the scroll of blinking, it crumbles to dust.
As you read the scroll of teleportation, it crumbles to dust.
You feel strangely unstable.
Okay, then.
You feel better.
You feel yourself speed up.
Your surroundings suddenly seem different.
Nikola mumbles some strange words.
Nikola blinks!
You hear a grinding noise.
You feel very mighty all of a sudden. You block Nikola's attack.
You barely miss Nikola. You headbutt Nikola!
Nikola is lightly wounded.
You block Nikola's attack.
You carve Nikola like a ham!!!
Nikola is moderately wounded.
You closely miss Nikola. Your headbutt misses Nikola.
Nikola is moderately wounded.
Jorgrun Earthshaker comes into view.
He is wielding a +0 vorpal quarterstaff.
Nikola mumbles some strange words.
Lightning arcs from Nikola's hands!
The bolt of lightning hits you!!!
You die...

♣♣♣♣♣♣ ♣♣♣ ♣♣♣♣♣♣
.♣.♣.♣♣ ♣♣.♣♣♣)..≈.♣
.§.≈≈.♣♣ ........≈≈.
.....≈.♣♣ ♣♣≈.≈≈..≈≈..
..♣.≈...♣♣♣♣♣.♣.≈≈≈....≈
..≈.≈..♣♣≈♣♣≈....≈...≈..
♣≈♣.♣..≈≈≈≈♣♣≈♣.@@≈≈≈.≈.
....≈†♣≈≈≈≈≈♣@♣§.≈.≈..≈.
......≈≈≈≈≈≈≈♣.≈≈≈≈....g
......♣≈≈≈≈≈♣≈≈.≈...≈...
≈...≈≈≈≈≈≈≈♣♣♣≈≈♣..♣..##
§♣≈(♣♣.♣♣≈♣♣♣...§≈...#..
..†...♣♣♣♣♣♣.≈....♣.## .
.≈≈≈≈≈≈≈♣ ♣♣.≈...♣♣.#
≈≈≈≈≈≈≈.♣♣♣≈≈.≈.≈≈♣


You could see Nikola and Jorgrun.

Vanquished Creatures
  A sphinx (D:12)
  An acid blob (Lair:6)
  5 rockslimes
  An azure jelly (Lair:5)
  A war gargoyle (D:12)
  3 bunyips
  3 fire dragons
  A great orb of eyes (Lair:5)
  7 hydras
  The ghost of freelancePsychic the Unseen, a journeyman KoDe of Dithmenos (Orc:2)
  Harold (Lair:1)
  A boulder beetle (D:11)
  An ogre mage (D:12)
  2 ghost crabs
  3 centaur warriors
  A catoblepas (Lair:5)
  3 alligators
  A tengu warrior (D:10)
  4 two-headed ogres
  9 death yaks
  6 orc high priests
  3 thrashing horrors (Lair:6)
  Sonja (Orc:1)
  A goliath frog (Swamp:1)
  5 bog bodies
  2 large abominations (Lair:6)
  3 swamp dragons (Swamp:1)
  2 deep elf pyromancers
  6 orc sorcerers
  7 orc knights
  4 ugly things
  7 cyclopes
  2 will-o-the-wisps (Swamp:1)
  2 wolf spiders
  2 black mambas (Lair:2)
  18 elephants (Lair:6)
  3 torpor snails
  5 centaur zombies
  19 cane toads
  An unseen horror (D:12)
  2 gargoyles (D:11)
  A smoke demon (Lair:6)
  A rime drake (Lair:2)
  An efreet (D:11)
  A tengu conjurer (D:11)
  8 komodo dragons
  3 kobold demonologists (D:11)
  Maggie (Lair:1)
  10 trolls
  An ancient zyme (Lair:6)
  A merfolk (shapeshifter) (D:11)
  5 polar bears
  7 tyrant leeches
  A hornet (Swamp:1)
  4 slime creatures (Lair:6)
  A hornet (shapeshifter) (D:13)
  30 blink frogs
  2 spriggans
  A ynoxinul (Lair:6)
  2 vampires
  6 wraiths
  2 shadows (D:11)
  33 yaks
  12 small abominations (Lair:6)
  8 wyverns
  2 fire bats (Lair:4)
  3 basilisks
  12 vampire mosquitoes (Swamp:1)
  5 chaos spawn (Lair:6)
  7 swamp worms
  4 wargs
  3 acid dragons
  18 water moccasins
  A swamp drake (Swamp:1)
  39 orc warriors
  An ice beast (D:8)
  4 black bears
  A necrophage (D:5)
  7 centaurs
  4 ogres
  17 wolves
  A phantom (D:3)
  10 bullfrogs
  14 kobold brigands
  4 scorpions (Lair:3)
  A killer bee (D:11)
  10 wights
  5 howler monkeys
  9 electric eels
  8 jellies
  A gnoll shaman (D:9)
  12 orc priests
  3 bullfrog skeletons
  2 hounds
  Jessica (D:3)
  A centaur skeleton (D:4)
  20 orc wizards
  A hound skeleton (D:4)
  A howler monkey skeleton (D:4)
  A howler monkey zombie (D:11)
  5 gnolls
  8 adders
  4 river rats (Sewer)
  An ufetubus (D:5)
  An adder skeleton (D:4)
  2 worms
  5 dart slugs
  68 orcs
  15 endoplasms
  10 giant cockroaches
  17 goblins
  14 hobgoblins
  2 jackals (Sewer)
  3 quokkas
  4 ball pythons
  6 bats
  4 frilled lizards
  21 kobolds
  9 rats
  6 bushes (Lair:6)
731 creatures vanquished.

Vanquished Creatures (collateral kills)
  A hydra (D:12)
  An orc wizard (D:12)
  An orc (D:12)
3 creatures vanquished.

Vanquished Creatures (others)
  An unseen horror (D:11)
  A tyrant leech (Swamp:1)
  An orc wizard (Orc:2)
  4 foxfires (Swamp:1)
  33 fungi
  63 plants
103 creatures vanquished.

Grand Total: 837 creatures vanquished

Notes
Turn   | Place    | Note
-------+----------+-------------------------------------------
     0 | D:1      | Sin92 the Minotaur Fighter began the quest for the Orb.
     0 | D:1      | Reached XP level 1. HP: 19/19 MP: 0/0
   146 | D:1      | Reached XP level 2. HP: 27/27 MP: 1/1
   205 | D:1      | Reached skill level 3 in Axes
   558 | D:1      | Reached XP level 3. HP: 33/33 MP: 2/2
   924 | D:2      | Reached skill level 1 in Dodging
  1298 | D:2      | Reached XP level 4. HP: 38/40 MP: 3/3
  1532 | D:2      | Found a faded altar of an unknown god.
  1658 | D:3      | Reached skill level 4 in Axes
  1818 | D:3      | Reached XP level 5. HP: 46/46 MP: 4/4
  1915 | D:3      | Noticed Jessica
  1921 | D:3      | Killed Jessica
  2024 | D:3      | Found a glowing drain.
  2034 | Sewer    | Entered a sewer
  2181 | Sewer    | Reached XP level 6. HP: 19/53 MP: 5/5
  2395 | Sewer    | Found a white marble altar of Elyvilon.
  2616 | D:3      | Found a hazy altar of Hepliaklqana.
  2665 | D:3      | Reached skill level 5 in Axes
  3123 | D:4      | Found a shimmering blue altar of Sif Muna.
  3165 | D:4      | Reached skill level 5 in Armour
  3440 | D:4      | Found an ornate altar of the Wu Jian Council.
  3517 | D:4      | Reached skill level 5 in Fighting
  3517 | D:4      | Reached skill level 5 in Shields
  3517 | D:4      | Reached XP level 7. HP: 30/61 MP: 6/6
  3688 | D:4      | Found an ancient bone altar of Kikubaaqudgha.
  3700 | D:4      | Identified the ring "Nipa Pism" {rElec rF+ Int+4}
  4036 | D:5      | Entered Level 5 of the Dungeon
  4036 | D:5      | Noticed a wyvern
  4046 | D:5      | Killed a wyvern
  4047 | D:5      | Reached skill level 6 in Axes
  4292 | D:5      | Reached skill level 7 in Axes
  4292 | D:5      | Reached XP level 8. HP: 62/70 MP: 7/7
  4398 | D:5      | Got Sif Muna's Volume of Dusty Feathers
  5020 | D:6      | Found an iron altar of Okawaru.
  5195 | D:6      | Became a worshipper of Warmaster Okawaru
  5538 | D:6      | Found the +5 sword of Power {vorpal}
  5958 | D:7      | You fall into a shaft and drop 1 floor!
  5958 | D:8      | Noticed a troll
  5963 | D:8      | Noticed pkoi's ghost (novice MiHu)
  5971 | D:8      | Reached skill level 8 in Axes
  5971 | D:8      | Reached skill level 1 in Invocations
  5974 | D:8      | Killed a troll
  5974 | D:8      | Reached * piety under Okawaru
  6251 | D:8      | Found a transporter.
  6253 | D:8      | Found a transporter.
  6253 | D:8      | Noticed a queen bee
  6564 | D:8      | Found a glowing silver altar of Zin.
  6569 | D:8      | Reached XP level 9. HP: 75/78 MP: 9/9
  6578 | D:8      | Reached skill level 5 in Dodging
  6696 | D:8      | Found a radiant altar of Vehumet.
  6862 | D:8      | Reached ** piety under Okawaru
  6989 | D:9      | Identified a scroll of acquirement
  6989 | D:9      | Acquired a manual of Fighting
  7034 | D:9      | Reached skill level 9 in Axes
  7060 | D:9      | Reached *** piety under Okawaru
  7104 | D:9      | Identified the +3 ring mail of the Dwarven Hall {Slay+2}
  7445 | D:9      | Noticed Arex's ghost (novice DgFi)
  7452 | D:9      | Found a runed translucent door.
  7594 | D:9      | Acquired the ring "Tiygosh" {rF++ Str+3 Int+6 SInv Stlth+}
  7696 | D:9      | Reached skill level 10 in Axes
  7698 | D:9      | Reached XP level 10. HP: 90/90 MP: 11/11
  7978 | D:10     | Entered Level 10 of the Dungeon
  8114 | D:10     | Found a flagged portal.
  8131 | Bailey   | Entered a bailey
  8232 | Bailey   | Reached **** piety under Okawaru
  8314 | Bailey   | Found an iron altar of Okawaru.
  8314 | Bailey   | Noticed an orc high priest
  8314 | Bailey   | Noticed an orc sorcerer
  8320 | Bailey   | Noticed a soul eater
  8328 | Bailey   | Killed an orc sorcerer
  8349 | Bailey   | Killed an orc high priest
  8356 | Bailey   | Noticed an orc knight
  8368 | Bailey   | Killed an orc knight
  8368 | Bailey   | Reached ***** piety under Okawaru
  8535 | Bailey   | Identified the +2 plate armour "Ruluosu" {rC+ Str+2}
  8850 | Bailey   | Reached skill level 11 in Axes
  9510 | D:10     | Found a stormy altar of Qazlal.
  9666 | D:10     | Noticed a tengu warrior
  9667 | D:10     | Noticed a tengu warrior
  9686 | D:10     | Acquired the +3 broad axe "Quojig" {protect, Fragile +Rage
                  | MP+9 SInv}
  9697 | D:10     | Killed a tengu warrior
  9698 | D:10     | Reached skill level 10 in Fighting
  9719 | D:10     | Received a gift from Okawaru
 10173 | D:10     | Noticed a two-headed ogre
 10179 | D:10     | Killed a two-headed ogre
 10180 | D:10     | Reached skill level 5 in Invocations
 10180 | D:10     | Reached XP level 11. HP: 100/100 MP: 13/13
 10728 | D:11     | Found a staircase to the Lair.
 10732 | D:11     | Acquired a manual of Invocations
 10788 | D:11     | Noticed a centaur warrior
 10798 | D:11     | Killed a centaur warrior
 10801 | D:11     | Received a gift from Okawaru
 10915 | D:11     | Reached skill level 12 in Axes
 10917 | D:11     | Noticed a cyan ugly thing
 10926 | D:11     | Killed a cyan ugly thing
 11098 | D:11     | Noticed a two-headed ogre
 11103 | D:11     | Identified the ring "Tinun" {Ice rN+ SInv}
 11103 | D:11     | Noticed a purple ugly thing
 11105 | D:11     | Noticed a boulder beetle
 11107 | D:11     | Killed a two-headed ogre
 11107 | D:11     | Reached ****** piety under Okawaru
 11126 | D:11     | Killed a purple ugly thing
 11127 | D:11     | Killed a boulder beetle
 11127 | D:11     | Received a gift from Okawaru
 11128 | D:11     | Reached XP level 12. HP: 112/112 MP: 16/16
 11175 | D:11     | Reached skill level 13 in Axes
 11175 | D:11     | Reached skill level 10 in Armour
 11175 | D:11     | Reached skill level 10 in Shields
 11187 | D:11     | Identified the -3 pair of boots of the Beggar {-Cast rElec
                  | SInv Stlth+}
 11410 | D:11     | Noticed a centaur warrior
 11419 | D:11     | Killed a centaur warrior
 11579 | D:11     | Received a gift from Okawaru
 11896 | D:12     | Found a staircase to the Orcish Mines.
 11964 | D:12     | Noticed a two-headed ogre
 11970 | D:12     | Killed a two-headed ogre
 12092 | D:12     | Received a gift from Okawaru
 12197 | D:12     | Found Qiqa's Demolitions Depot.
 12247 | D:12     | Acquired a +1 crystal plate armour
 12291 | D:12     | Noticed a six-headed hydra
 12304 | D:12     | Killed a nine-headed hydra
 12417 | D:12     | Found a runed translucent door.
 12417 | D:12     | Noticed an ogre mage
 12418 | D:12     | Noticed a fire dragon
 12422 | D:12     | Killed an ogre mage
 12578 | D:12     | Noticed a sphinx
 12578 | D:12     | Killed a fire dragon
 12579 | D:12     | Reached skill level 14 in Axes
 12586 | D:12     | Killed a sphinx
 12587 | D:12     | Reached XP level 13. HP: 78/122 MP: 18/18
 12590 | D:12     | Noticed a war gargoyle
 12599 | D:12     | HP: 6/122 [war gargoyle (26)]
 13133 | Lair:1   | Entered Level 1 of the Lair of Beasts
 13140 | Lair:1   | Received a gift from Okawaru
 13664 | Lair:1   | Noticed Maggie
 13671 | Lair:1   | Killed Maggie
 13888 | Lair:1   | Noticed Harold
 13894 | Lair:1   | Killed Harold
 13895 | Lair:1   | Reached skill level 10 in Invocations
 13950 | Lair:1   | Identified the +5 kite shield of the Stone Wall {Str+2}
                  | (Okawaru gifted it to you on level 1 of the Lair of Beasts)
 13950 | Lair:1   | Received a gift from Okawaru
 14258 | Lair:1   | Identified the ring of Waris {Fly rPois rC- Str+3 Stlth+}
 14519 | Lair:2   | Found a staircase to the Swamp.
 14525 | Lair:2   | Reached skill level 15 in Axes
 14758 | Lair:2   | Reached skill level 10 in Dodging
 16482 | Lair:3   | Found a hole to the Spider Nest.
 16716 | Lair:4   | Reached XP level 14. HP: 129/133 MP: 21/21
 17205 | Lair:5   | Reached skill level 15 in Fighting
 17209 | Lair:5   | Identified the +10 dagger "Ukim Locs" {vorpal, rCorr}
                  | (Okawaru gifted it to you on level 5 of the Lair of Beasts)
 17209 | Lair:5   | Received a gift from Okawaru
 18141 | Lair:5   | Reached skill level 16 in Axes
 18583 | Lair:5   | Identified the +1 hand axe of Trog's Regard {flame, Fly rC+
                  | Will++ Dex-4}
 18759 | Lair:6   | Entered Level 6 of the Lair of Beasts
 18795 | Lair:6   | Noticed a rockslime
 18796 | Lair:6   | Noticed a rockslime
 18797 | Lair:6   | Noticed an acid blob
 18797 | Lair:6   | Noticed a rockslime
 18809 | Lair:6   | Killed a rockslime
 18810 | Lair:6   | Killed an acid blob
 19290 | Lair:5   | Killed a rockslime
 19290 | Lair:5   | Received a gift from Okawaru
 19317 | Lair:5   | Killed a rockslime
 19470 | Lair:6   | Noticed a rockslime
 19492 | Lair:5   | Killed a rockslime
 19497 | Lair:6   | Noticed an azure jelly
 19895 | Lair:5   | Killed an azure jelly
 19895 | Lair:5   | Identified the +4 hat of Barnacled Amelioration {rPois rC-
                  | Int+8 Slay-5} (Okawaru gifted it to you on level 5 of the
                  | Lair of Beasts)
 19895 | Lair:5   | Received a gift from Okawaru
 19933 | Lair:6   | Noticed a rockslime
 19938 | Lair:6   | Killed a rockslime
 20071 | Lair:6   | Reached XP level 15. HP: 132/144 MP: 23/23
 20314 | Lair:6   | Found the -2 hat of the Alchemist {rElec rPois rF+ rC+ rN+
                  | Will+ rMut rCorr}
 20381 | Lair:6   | Reached skill level 17 in Axes
 20441 | Lair:6   | Found a corrupted altar of Lugonu.
 20441 | Lair:6   | Found a one-way gate to the infinite horrors of the Abyss.
 20514 | Lair:6   | Identified the +0 hat "Mamil" {Harm rN+ SInv} (Okawaru
                  | gifted it to you on level 6 of the Lair of Beasts)
 20514 | Lair:6   | Received a gift from Okawaru
 20759 | Lair:6   | Found a viscous altar of Jiyva.
 21061 | Lair:6   | Found a staircase to the Slime Pits.
 21367 | Orc:1    | Entered Level 1 of the Orcish Mines
 21505 | Orc:1    | Noticed Sonja
 21514 | Orc:1    | Killed Sonja
 21969 | Orc:2    | Entered Level 2 of the Orcish Mines
 22510 | Orc:2    | Found Uschoen's General Store.
 22556 | Orc:2    | Received a gift from Okawaru
 22874 | Orc:2    | Found Keicek's Assorted Antiques.
 22881 | Orc:2    | Found Abiz's Book Boutique.
 22883 | Orc:2    | Found Umivvuri's General Store.
 22950 | Orc:2    | Found a staircase to the Elven Halls.
 23106 | Orc:2    | Found a runed translucent door.
 23106 | Orc:2    | Noticed freelancePsychic's ghost (journeyman KoDe)
 23256 | Orc:2    | Killed freelancePsychic's ghost
 23258 | Orc:2    | Identified the +3 chain mail "Ufarr" {rC- Dex+4 Slay+5}
 23352 | Swamp:1  | Entered Level 1 of the Swamp
 23364 | Swamp:1  | Reached XP level 16. HP: 137/155 MP: 24/24
 23424 | Swamp:1  | Reached skill level 18 in Axes
 23904 | Swamp:1  | Identified the +5 longbow "Irphaa Egema" {venom, rElec
                  | Dex+5} (Okawaru gifted it to you on level 1 of the Swamp)
 23904 | Swamp:1  | Received a gift from Okawaru
 24218 | Swamp:1  | Got the Papyrus of the Entourage
 24608 | Swamp:2  | Noticed Nikola
 24624 | Swamp:2  | Noticed Jorgrun
 24624 | Swamp:2  | Killed from afar by Nikola

Illustrated notes

Levels and vault maps discovered:
D:1:      amcnicky_arrival_wind_blow, layout_rooms, lexackson_kobold_supper
D:2:      layout_basic, ebering_ecumenical_altar_sacrificial,
          lemuel_another_geyser
D:3:      layout_basic, overflow_temple_1_default, gup_sewer_entry_bowl,
          kennysheep_doodads, minivault_25, uniq_jessica
D:4:      layout_rooms, mainiacjoe_overflow_catwalk,
          nicolae_wu_jian_glorious_leap, amcnicky_altar_gilded, dk_vineyard_2,
          wad_woods_river_04, minivault_25, minivault_25, st_stairs_13,
          abandoned_shop
D:5:      layout_loops_ring
D:6:      layout_basic, general_overflow_altar
D:7:      layout_basic, minmay_temple_entry_hall,
          nicolae_shop_sticking_my_neck_out
D:8:      layout_basic, lemuel_doored_altar, nicolae_vehumet_altar_sigil,
          gammafunk_ghost_hive
D:9:      layout_roguey, hellmonk_ghost_happy_afterlife
D:10:     layout_stronghold, nicolae_qazlal_style_of_elements, enter_bailey_5
D:11:     minmay_the_grid_triangle_9x9_rhombus_full
          [minmay_the_grid_triangle_9x9_pentomino_pain,
          minmay_the_grid_triangle_9x9_checkered,
          minmay_the_grid_triangle_9x9_warning,
          minmay_the_grid_triangle_9x9_minimal,
          minmay_the_grid_triangle_9x9_windchime,
          minmay_the_grid_triangle_9x9_zippers_horizontal,
          minmay_the_grid_triangle_9x9_skeleton,
          minmay_the_grid_triangle_9x9_prize_schism], layout_rooms, special_room
          [special_room_kobold]
D:12:     layout_rooms, david_orc_3, nicolae_blasting_shop, minivault_13
D:13:     layout_loops_ring, david_vaults_4, ebering_ghost_reflecting_pool,
          special_room [special_room_orc], small_statue_alley_a
Lair:1:   statuecave_lemuel, layout_loops_ring, beast_lair_carwin_11,
          grunt_megastairs_3, uniq_maggie, uniq_harold
Lair:2:   layout_concentric_octagons, nicolae_swamp_entry_splash_gauntlet,
          serial_bayou_lake_a
Lair:3:   layout_regular_city, nicolae_spider_entry_non_spiders,
          beast_lair_carwin_6
Lair:4:   layout_gridlike, infiniplex_staircase_pool_2
Lair:5:   dragon1_lemuel, layout_cave_shapes, minivault_27
Lair:6:   hellmonk_lair_end_abyssal_woods, layout_misc_corridors,
          dpeg_slime_entry_corner, special_room [special_room_jelly],
          columned_hall_lemuel, minmay_hedge_maze, st_stairs_3,
          chequers_serial_rivers_micro_b, chequers_serial_rivers_small_a,
          chequers_serial_rivers_room_b
Swamp:1:  layout_basic_swamp, evilmike_swamp_ruin_rubble_2,
          nicolae_swamp_bloodsuckers_inc
Swamp:2:  layout_basic_swamp, serial_swamp_ruin, hangedman_swamp_ruin_hall,
          evilmike_swamp_ruin_house_4, evilmike_swamp_ruin_house_5, swamp_pool1,
          uniq_jorgrun, uniq_nikola
Orc:1:    layout_caves, uniq_sonja
Orc:2:    st_orc_elflike, layout_diamond_mine, gammafunk_ghost_grave

Skill      XL: |  1  2  3  4  5  6  7  8  9 10 11 12 13 14 15 16 |
---------------+-------------------------------------------------+-----
Axes           | 3 4 5 7 8 10 11 12 14 15 16 17 18 | 18.4
Armour         | 4 5 6 7 8 9 10 11 12 13 14 | 14.0
Fighting       | 4 5 6 8 10 11 13 14 16 17 | 17.4
Dodging        | 1 2 3 4 6 7 8 9 10 11 12 | 12.4
Shields        | 4 5 6 7 8 9 10 11 12 13 | 13.9
Invocations    | 1 3 5 7 9 10 12 | 12.8

Action                   |  1- 3 |  4- 6 |  7- 9 | 10-12 | 13-15 | 16-18 || total
-------------------------+-------+-------+-------+-------+-------+-------++-------
Melee: War axe           |   110 |   116 |   209 |   135 |       |       ||   570
       Headbutt          |    13 |    17 |    52 |   150 |   224 |    37 ||   493
       Broad axe         |       |       |       |   285 |   776 |   119 ||  1180
       Mace              |       |       |       |       |     5 |       ||     5
       Morningstar       |       |       |       |       |    34 |     1 ||    35
Invok: Heroism           |       |       |       |     1 |       |       ||     1
       Finesse           |       |       |       |       |     1 |       ||     1
  Use: Scroll            |       |     9 |     6 |    16 |     9 |     3 ||    43
       Potion            |       |     1 |     2 |     3 |     5 |     3 ||    14
 Stab: Sleeping          |       |       |       |     2 |       |       ||     2
       Petrified         |       |       |       |       |     1 |       ||     1
Armor: Scale mail        |    26 |       |       |       |       |       ||    26
       Chain mail        |    26 |     2 |       |       |       |       ||    28
       Plate armour      |       |    75 |   122 |    36 |   190 |       ||   423
       Ring mail         |       |       |    15 |   136 |       |       ||   151
       Crystal plate arm |       |       |       |       |    84 |    41 ||   125
Dodge: Dodged            |    31 |    23 |    63 |   213 |   211 |    17 ||   558
Block: Kite shield       |    61 |    70 |   117 |   319 |   853 |   110 ||  1530
       Reflection        |       |       |       |       |    19 |     8 ||    27
